Sharks vs Canadiens

Created - 29 décembre 2015 at 19:10

Goals
1 2 3 T
Sharks 0 2 1 3
Canadiens 0 3 2 5
Shots
1 2 3 T
Sharks 9 6 14 29
Canadiens 9 14 12 35

1st period

No Goal

Penalties :
Ted Purcell (SJS) for Roughing (Minor) at 6:07, Michal Rozsival (SJS) for Tripping (Minor) at 12:50

2nd period

1. Canadiens , Maxim Talbot 3 (Greg Stewart, Rene Bourque) at 0:55
2. Canadiens , Sergei Samsonov 14 (Brooks Laich, Cam Janssen) at 9:34
3. Canadiens , Jiri Fischer 1 (Sergei Samsonov, Josh Gorges) at 11:52
4. Sharks , Derek Boogaard 12 (David Legwand) at 13:35 (PP)
5. Sharks , Paul Gaustad 9 (Marcel Hossa) at 17:23

Penalties :
David Legwand (SJS) for Holding (Minor) at 6:45, Patrick Sharp (Mon) for Holding (Minor) at 12:52

3rd period

6. Canadiens , Sergei Samsonov 15 (Devin Setoguchi) at 6:07
7. Canadiens , Devin Setoguchi 10 (Matt Carle, Sergei Samsonov) at 16:46
8. Sharks , Jason Allison 11 (Alexander Radulov, Jay Bouwmeester) at 18:15

Penalties :
Antoine Vermette (SJS) for Tripping (Minor) at 6:59, Markus Naslund (SJS) for Hooking (Minor) at 7:15, Michal Rozsival (SJS) for Roughing (Minor) at 12:48

Goalie Stats

Dan Ellis (SJS), 30 saves from 35 shots - (0,857), L, 7-8-1, 60:00 minutes
Jonathan Bernier (Mon), 26 saves from 29 shots - (0,897), W, 12-10-1, 60:00 minutes

Players Stats for Sharks

Player Name              G  A  P  +/- PIM S  H  SB GA TA FO     MP     PP MP  PK MP  
------------------------------------------------------------------------------------
Alex Pietrangelo         0  0  0  -1  0   3  0  0  2  0  0/0    19:46   0:00   3:45 
Alexander Radulov        0  1  1   0  0   2  1  0  0  0  0/0    12:08   0:00   0:00 
Antoine Vermette         0  0  0  -1  2   2  3  1  1  0  5/8    18:01   0:00   4:18 
Daniel Alfredsson        0  0  0  -1  0   1  1  0  0  0  1/1    13:33   0:00   0:00 
David Legwand            0  1  1  -1  2   3  0  2  0  1  20/34  20:58   0:43   4:15 
Derek Boogaard           1  0  1  -1  0   3  1  0  0  1  4/8    19:46   0:43   3:11 
Jason Allison            1  0  1  -1  0   1  0  0  0  0  4/6    15:40   0:00   2:12 
Jay Bouwmeester          0  1  1   1  0   1  1  0  1  1  0/0    29:06   0:43   6:10 
Kim Johnsson             0  0  0  -3  0   1  1  0  0  0  0/0    11:26   0:00   0:35 
Marcel Hossa             0  1  1  -1  0   0  0  0  0  0  0/0     8:08   0:00   0:50 
Markus Naslund           0  0  0   0  2   1  0  0  0  1  1/1    14:19   0:00   2:12 
Martin Erat              0  0  0  -1  0   0  0  0  0  0  1/1     6:48   0:00   0:00 
Michal Rozsival          0  0  0   0  4   1  2  3  0  0  0/0    27:09   0:43   3:51 
Paul Gaustad             1  0  1  -1  0   2  0  0  0  0  1/2     8:11   0:00   0:40 
Scott Niedermayer        0  0  0  -2  0   0  0  1  1  0  0/0    12:46   0:00   2:16 
Steve McCarthy           0  0  0  -1  0   1  1  2  1  4  0/0    19:46   0:00   3:45 
Ted Purcell              0  0  0   0  2   6  1  0  0  1  0/1    16:56   0:43   1:00 
Tuomo Ruutu              0  0  0  -1  0   1  0  1  0  0  1/1    13:33   0:00   0:00 

Players Stats for Canadiens

Player Name              G  A  P  +/- PIM S  H  SB GA TA FO     MP     PP MP  PK MP  
------------------------------------------------------------------------------------
Brooks Laich             0  1  1   4  0   0  0  0  1  0  1/3    11:23   0:03   0:00 
Cam Janssen              0  1  1   0  0   1  0  0  0  0  0/0     7:42   0:03   0:00 
Dan Boyle                0  0  0   1  0   3  1  0  1  0  0/0    28:11   6:23   0:24 
Dennis Wideman           0  0  0   0  0   2  1  0  1  1  0/0    26:07   5:52   0:24 
Devin Setoguchi          1  1  2   3  0   4  0  0  2  0  0/1    11:03   0:00   0:33 
Dustin Boyd              0  0  0  -1  0   2  0  0  0  0  1/3     6:49   0:00   0:00 
Greg Stewart             0  1  1   1  0   1  2  1  1  0  0/0    18:02   4:27   0:10 
Jiri Fischer             1  0  1   3  0   1  0  5  0  0  0/0    17:11   1:14   0:00 
Josh Gorges              0  1  1   1  0   1  0  2  1  0  0/0    12:20   2:34   0:19 
Ladislav Smid            0  0  0  -1  0   2  3  0  0  2  0/0    22:10   4:19   0:19 
Marc Savard              0  0  0  -1  0   1  5  0  0  1  14/38  23:56   5:41   0:43 
Marek Svatos             0  0  0  -1  0   5  3  0  1  0  0/0    23:13   5:41   0:00 
Matt Carle               0  1  1   2  0   0  0  0  0  1  0/0    14:01   0:00   0:00 
Maxim Talbot             1  0  1   1  0   4  6  0  0  0  9/17   17:52   4:27   0:00 
Patrick Sharp            0  0  0  -1  2   0  0  0  1  1  0/1    23:12   5:41   0:00 
Rene Bourque             0  1  1   1  0   4  0  0  0  0  0/0    17:52   4:27   0:00 
Riley Cote               0  0  0  -1  0   0  1  0  0  0  0/0     6:49   0:00   0:00 
Sergei Samsonov          2  2  4   4  0   4  2  0  0  0  0/0    11:23   0:03   0:00 

3 Stars

1 - Sergei Samsonov (Mon)
2 - Devin Setoguchi (Mon)
3 - Maxim Talbot (Mon)

Power Play

Sharks - 1 on 1 Attempt(s) - 100,00%
Canadiens - 0 on 6 Attempt(s) - 0,00%

Penalty Kill

Sharks - 6 on 6 Attempt(s) - 100,00% - Score 0 goal in Penalty Kill
Canadiens - 0 on 1 Attempt(s) - 0,00% - Score 0 goal in Penalty Kill

Team Stat

Sharks - Hits : 12 - Faceoff Wins : 38 - Blocked Shots : 10 - Penalty Minutes : 12
Canadiens - Hits : 24 - Faceoff Wins : 25 - Blocked Shots : 8 - Penalty Minutes : 2

Official

Referees : Kozari Steve and Banfield David
Linesman : Jonny Murray and Lonnie Cameron

Game Notes

Josh Gorges is injured at 13:33 of 2nd period (Sprained Right Finger)

Finance

Level 1 -- Attendance: 5728 (95,47%) -- Ticket Income 492 608 $
Level 2 -- Attendance: 5000 (100,00%) -- Ticket Income 250 000 $
Level 3 -- Attendance: 1939 (96,95%) -- Ticket Income 60 109 $
Level 4 -- Attendance: 4000 (100,00%) -- Ticket Income 88 000 $
Luxury Box -- Attendance: 900 (90,00%) -- Ticket Income 148 500 $
Game was played at the Centre Bell'
Total Attendance: 17567 (97,59%)
Total Ticket Income: 1 039 217 $
Other Income: 155 883 $
Total Income: 1 195 100 $

Sharks

5 vs 5 Forward 
   Center                   Left Wing                Right Wing               Time % Phy DF OF 
 1 David Legwand            Derek Boogaard           Ted Purcell              40     1   2  2  
 2 Antoine Vermette         Tuomo Ruutu              Daniel Alfredsson        30     1   2  2  
 3 Jason Allison            Markus Naslund           Alexander Radulov        20     1   2  2  
 4 Paul Gaustad             Marcel Hossa             Martin Erat              10     1   2  2  

5 vs 5 Defense 
   Defense                  Defense                                           Time % Phy DF OF 
 1 Michal Rozsival          Jay Bouwmeester                                   40     1   2  2  
 2 Alex Pietrangelo         Steve McCarthy                                    30     1   2  2  
 3 Kim Johnsson             Scott Niedermayer                                 20     1   2  2  
 4 Michal Rozsival          Jay Bouwmeester                                   10     1   2  2  

PowerPlay Forward 
   Center                   Left Wing                Right Wing               Time % Phy DF OF 
 1 David Legwand            Derek Boogaard           Ted Purcell              60     1   2  2  
 2 Antoine Vermette         Tuomo Ruutu              Daniel Alfredsson        40     1   2  2  

PowerPlay Defense
   Defense                  Defense                                           Time % Phy DF OF 
 1 Michal Rozsival          Jay Bouwmeester                                   60     1   2  2  
 2 Alex Pietrangelo         Steve McCarthy                                    40     1   2  2  

Penalty Kill 4 Players Forward 
   Center                   Wing                     Time % Phy DF OF 
 1 David Legwand            Antoine Vermette         60     1   2  2  
 2 Derek Boogaard           Ted Purcell              40     1   2  2  

Penalty Kill 4 Players Defense
   Defense                  Defense                  Time % Phy DF OF 
 1 Michal Rozsival          Jay Bouwmeester          60     1   2  2  
 2 Alex Pietrangelo         Steve McCarthy           40     1   2  2  

Penalty Kill - 3 Players Forward 
   Forward                                           Time % Phy DF OF 
 1 David Legwand                                     60     1   2  2  
 2 Antoine Vermette                                  40     1   2  2  

Penalty Kill - 3 Players Defense
   Defense                  Defense                  Time % Phy DF OF 
 1 Michal Rozsival          Jay Bouwmeester          60     1   2  2  
 2 Alex Pietrangelo         Steve McCarthy           40     1   2  2  

4 vs 4 Forward 
   Center                   Wing                     Time % Phy DF OF 
 1 David Legwand            Antoine Vermette         60     1   2  2  
 2 Derek Boogaard           Ted Purcell              40     1   2  2  

4 vs 4 Defense
   Defense                  Defense                  Time % Phy DF OF 
 1 Michal Rozsival          Jay Bouwmeester          60     1   2  2  
 2 Alex Pietrangelo         Steve McCarthy           40     1   2  2  

Last Minutes Offensive
   Center                   Left Wing                Right Wing               Defense                  Defense                  
   David Legwand            Derek Boogaard           Ted Purcell              Michal Rozsival          Jay Bouwmeester          

Last Minutes Defensive
   Center                   Left Wing                Right Wing               Defense                  Defense                  
   David Legwand            Derek Boogaard           Ted Purcell              Michal Rozsival          Jay Bouwmeester          

Goaltenders
Starting : Dan Ellis                
Backup : Mike Brodeur             

Extra Forwards
Normal : Jason Allison, Paul Gaustad, Markus Naslund - PP : Jason Allison, Paul Gaustad - PK : Markus Naslund
Extra Defensemen
Normal : Kim Johnsson, Scott Niedermayer, Alex Pietrangelo - PP : Kim Johnsson - PK : Scott Niedermayer, Alex Pietrangelo
Penalty Shots
David Legwand, Antoine Vermette, Derek Boogaard, Ted Purcell, Jason Allison

Canadiens

5 vs 5 Forward 
   Center                   Left Wing                Right Wing               Time % Phy DF OF 
 1 Marc Savard              Patrick Sharp            Marek Svatos             40     1   2  2  
 2 Maxim Talbot             Greg Stewart             Rene Bourque             30     1   2  2  
 3 Brooks Laich             Sergei Samsonov          Devin Setoguchi          20     1   2  2  
 4 Dustin Boyd              Riley Cote               Cam Janssen              10     1   2  2  

5 vs 5 Defense 
   Defense                  Defense                                           Time % Phy DF OF 
 1 Dan Boyle                Dennis Wideman                                    40     1   2  2  
 2 Josh Gorges              Ladislav Smid                                     30     1   2  2  
 3 Jiri Fischer             Matt Carle                                        20     1   2  2  
 4 Dan Boyle                Dennis Wideman                                    10     1   2  2  

PowerPlay Forward 
   Center                   Left Wing                Right Wing               Time % Phy DF OF 
 1 Marc Savard              Patrick Sharp            Marek Svatos             60     1   2  2  
 2 Maxim Talbot             Greg Stewart             Rene Bourque             40     1   2  2  

PowerPlay Defense
   Defense                  Defense                                           Time % Phy DF OF 
 1 Dan Boyle                Dennis Wideman                                    60     1   2  2  
 2 Josh Gorges              Ladislav Smid                                     40     1   2  2  

Penalty Kill 4 Players Forward 
   Center                   Wing                     Time % Phy DF OF 
 1 Marc Savard              Patrick Sharp            60     1   2  2  
 2 Marek Svatos             Rene Bourque             40     1   2  2  

Penalty Kill 4 Players Defense
   Defense                  Defense                  Time % Phy DF OF 
 1 Dan Boyle                Dennis Wideman           60     1   2  2  
 2 Josh Gorges              Ladislav Smid            40     1   2  2  

Penalty Kill - 3 Players Forward 
   Forward                                           Time % Phy DF OF 
 1 Marc Savard                                       60     1   2  2  
 2 Patrick Sharp                                     40     1   2  2  

Penalty Kill - 3 Players Defense
   Defense                  Defense                  Time % Phy DF OF 
 1 Dan Boyle                Dennis Wideman           60     1   2  2  
 2 Josh Gorges              Ladislav Smid            40     1   2  2  

4 vs 4 Forward 
   Center                   Wing                     Time % Phy DF OF 
 1 Marc Savard              Patrick Sharp            60     1   2  2  
 2 Marek Svatos             Rene Bourque             40     1   2  2  

4 vs 4 Defense
   Defense                  Defense                  Time % Phy DF OF 
 1 Dan Boyle                Dennis Wideman           60     1   2  2  
 2 Josh Gorges              Ladislav Smid            40     1   2  2  

Last Minutes Offensive
   Center                   Left Wing                Right Wing               Defense                  Defense                  
   Marc Savard              Patrick Sharp            Marek Svatos             Dan Boyle                Dennis Wideman           

Last Minutes Defensive
   Center                   Left Wing                Right Wing               Defense                  Defense                  
   Marc Savard              Patrick Sharp            Marek Svatos             Dan Boyle                Dennis Wideman           

Goaltenders
Starting : Jonathan Bernier         
Backup : Miika Kiprusoff          

Extra Forwards
Normal : Sergei Samsonov, Brooks Laich, Devin Setoguchi - PP : Sergei Samsonov, Brooks Laich - PK : Devin Setoguchi
Extra Defensemen
Normal : Jiri Fischer, Matt Carle, Josh Gorges - PP : Jiri Fischer - PK : Matt Carle, Josh Gorges
Penalty Shots
Marc Savard, Patrick Sharp, Marek Svatos, Rene Bourque, Greg Stewart

% Time on Ice - Sharks

Lines # - Real PCT - Wanted PCT - Time Play
Normal Forward
1 - 35% - 40% - 17:00
2 - 28% - 30% - 13:38
3 - 24% - 20% - 11:40
4 - 14% - 10% - 6:48
Normal Defense
1 - 41% - 40% - 20:05
2 - 33% - 30% - 16:01
3 - 21% - 20% - 10:28
4 - 5% - 10% - 2:32
PP Forward
1 - 100% - 60% - 0:43
2 - 0% - 40% - 0:00
PP Defense
1 - 100% - 60% - 0:43
2 - 0% - 40% - 0:00
PK Forward
1 - 80% - 60% - 6:44
2 - 20% - 40% - 1:44
PK Defense
1 - 63% - 60% - 5:19
2 - 37% - 40% - 3:09
PK3 Forward
1 - 68% - 60% - 1:10
2 - 32% - 40% - 0:33
PK3 Defense
1 - 65% - 60% - 1:07
2 - 35% - 40% - 0:36
44 Forward
1 - 0% - 60%
2 - 0% - 40%
44 Defense
1 - 0% - 60%
2 - 0% - 40%
Last Minute Offensive  - 0:00
Last Minute Defensive  - 0:00
Total
Forward - 60:00
Defense - 60:00

% Time on Ice - Canadiens

Lines # - Real PCT - Wanted PCT - Time Play
Normal Forward
1 - 38% - 40% - 18:41
2 - 27% - 30% - 13:25
3 - 21% - 20% - 10:11
4 - 14% - 10% - 6:49
Normal Defense
1 - 38% - 40% - 18:32
2 - 38% - 30% - 18:28
3 - 23% - 20% - 11:14
4 - 2% - 10% - 0:52
PP Forward
1 - 56% - 60% - 5:44
2 - 44% - 40% - 4:27
PP Defense
1 - 58% - 60% - 5:52
2 - 42% - 40% - 4:19
PK Forward
1 - 100% - 60% - 0:43
2 - 0% - 40% - 0:00
PK Defense
1 - 56% - 60% - 0:24
2 - 44% - 40% - 0:19
PK3 Forward
1 - 0% - 60%
2 - 0% - 40%
PK3 Defense
1 - 0% - 60%
2 - 0% - 40%
44 Forward
1 - 0% - 60%
2 - 0% - 40%
44 Defense
1 - 0% - 60%
2 - 0% - 40%
Last Minute Offensive  - 0:00
Last Minute Defensive  - 0:00
Total
Forward - 60:00
Defense - 60:00

Play by Play

1st period


0:01 of 1st period - Marc Savard wins face-off versus David Legwand in neutral zone.
0:25 of 1st period - Jay Bouwmeester is hit by Dan Boyle and loses puck.
1:30 of 1st period - Wrist shot by Jason Allison.
1:30 of 1st period - Deflect By Markus Naslund.
1:30 of 1st period - Stopped by Jonathan Bernier without a rebound.
1:31 of 1st period - Antoine Vermette wins face-off versus Marc Savard in Canadiens zone.
1:50 of 1st period - Tuomo Ruutu is hit by Marek Svatos and loses puck.
2:17 of 1st period - Daniel Alfredsson is hit by Marc Savard.
2:36 of 1st period - Off-side.
2:37 of 1st period - David Legwand wins face-off versus Maxim Talbot in neutral zone.
2:40 of 1st period - Ladislav Smid is hit by Ted Purcell and loses puck.
2:51 of 1st period - Snap shot by Rene Bourque.
2:51 of 1st period - Stopped by Dan Ellis with a rebound.
2:53 of 1st period - Slapshot by Ladislav Smid.
2:53 of 1st period - Stopped by Dan Ellis without a rebound.
2:54 of 1st period - Jason Allison wins face-off versus Dustin Boyd in Sharks zone.
3:19 of 1st period - David Legwand is hit by Greg Stewart and loses puck.
3:24 of 1st period - Snap shot by Maxim Talbot.
3:24 of 1st period - Shot Blocked by Steve McCarthy.
4:06 of 1st period - Wrist shot by Jason Allison.
4:06 of 1st period - Deflect By Markus Naslund.
4:06 of 1st period - Shot Blocked by Jiri Fischer.
4:06 of 1st period - Puck is out of play.
4:07 of 1st period - Jason Allison wins face-off versus Maxim Talbot in Canadiens zone.
4:10 of 1st period - Wrist shot by Alexander Radulov.
4:10 of 1st period - Stopped by Jonathan Bernier with a rebound.
4:12 of 1st period - Wrist shot by Alexander Radulov.
4:12 of 1st period - Stopped by Jonathan Bernier without a rebound.
4:13 of 1st period - Maxim Talbot wins face-off versus David Legwand in Canadiens zone.
5:10 of 1st period - Tuomo Ruutu is hit by Ladislav Smid and loses puck.
5:33 of 1st period - Slapshot by Dennis Wideman.
5:33 of 1st period - Shot Misses the Net.
5:35 of 1st period - Slapshot by Dennis Wideman.
5:35 of 1st period - Shot Misses the Net.
5:51 of 1st period - Slapshot by Dan Boyle.
5:51 of 1st period - Shot Misses the Net.
6:07 of 1st period - Minor Penalty to Ted Purcell for Roughing.
6:08 of 1st period - David Legwand wins face-off versus Marc Savard in Sharks zone.
6:21 of 1st period - David Legwand is hit by Marc Savard and loses puck.
6:43 of 1st period - Slapshot by Ladislav Smid.
6:43 of 1st period - Shot Blocked by Michal Rozsival.
6:53 of 1st period - Markus Naslund is hit by Marc Savard and loses puck.
7:20 of 1st period - Ladislav Smid is hit by Derek Boogaard and loses puck.
8:07 of 1st period - Penalty to Ted Purcell is over, Ted Purcell is back on ice.
8:22 of 1st period - Snap shot by Devin Setoguchi.
8:22 of 1st period - Stopped by Dan Ellis with a rebound.
8:24 of 1st period - Snap shot by Devin Setoguchi.
8:24 of 1st period - Shot Misses the Net.
9:45 of 1st period - Paul Gaustad is hit by Marc Savard and loses puck.
10:54 of 1st period - Michal Rozsival is hit by Riley Cote and loses puck.
11:07 of 1st period - Snap shot by David Legwand.
11:07 of 1st period - Shot Misses the Net.
11:53 of 1st period - Wrist shot by Dustin Boyd.
11:53 of 1st period - Stopped by Dan Ellis with a rebound.
11:55 of 1st period - Snap shot by Cam Janssen.
11:55 of 1st period - Shot Misses the Net.
11:57 of 1st period - Slapshot by Josh Gorges.
11:57 of 1st period - Stopped by Dan Ellis without a rebound.
11:58 of 1st period - Dustin Boyd wins face-off versus Jason Allison in Sharks zone.
12:37 of 1st period - Dustin Boyd is hit by Alexander Radulov.
12:50 of 1st period - Minor Penalty to Michal Rozsival for Tripping.
12:51 of 1st period - David Legwand wins face-off versus Marc Savard in Sharks zone.
13:28 of 1st period - Slapshot by Dan Boyle.
13:28 of 1st period - Stopped by Dan Ellis with a rebound.
13:30 of 1st period - Slapshot by Maxim Talbot.
13:30 of 1st period - Stopped by Dan Ellis with a rebound.
14:35 of 1st period - Patrick Sharp is hit by Jay Bouwmeester and loses puck.
14:50 of 1st period - Penalty to Michal Rozsival is over, Michal Rozsival is back on ice.
15:51 of 1st period - Slapshot by Alex Pietrangelo.
15:51 of 1st period - Stopped by Jonathan Bernier without a rebound.
15:52 of 1st period - Paul Gaustad wins face-off versus Dustin Boyd in Canadiens zone.
16:17 of 1st period - Wrist shot by Sergei Samsonov.
16:17 of 1st period - Stopped by Dan Ellis without a rebound.
16:18 of 1st period - Derek Boogaard wins face-off versus Brooks Laich in Sharks zone.
16:22 of 1st period - Off-side.
16:23 of 1st period - David Legwand wins face-off versus Marc Savard in neutral zone.
16:30 of 1st period - Wrist shot by David Legwand.
16:30 of 1st period - Shot Misses the Net.
17:18 of 1st period - Snap shot by Devin Setoguchi.
17:18 of 1st period - Stopped by Dan Ellis without a rebound.
17:19 of 1st period - David Legwand wins face-off versus Marc Savard in Sharks zone.
17:25 of 1st period - Icing by Derek Boogaard.
17:26 of 1st period - Marc Savard wins face-off versus Derek Boogaard in Sharks zone.
17:53 of 1st period - Icing by Alex Pietrangelo.
17:54 of 1st period - David Legwand wins face-off versus Maxim Talbot in Sharks zone.
18:11 of 1st period - Wrist shot by Derek Boogaard.
18:11 of 1st period - Shot Misses the Net.
18:13 of 1st period - Wrist shot by David Legwand.
18:13 of 1st period - Stopped by Jonathan Bernier without a rebound.
18:14 of 1st period - Antoine Vermette wins face-off versus Marc Savard in Canadiens zone.
18:25 of 1st period - Snap shot by Antoine Vermette.
18:25 of 1st period - Shot Hit the Post.
18:46 of 1st period - Jason Allison is hit by Maxim Talbot and loses puck.
18:52 of 1st period - Icing by Kim Johnsson.
18:53 of 1st period - Jason Allison wins face-off versus Marc Savard in Sharks zone.
19:37 of 1st period - Off-side.
19:38 of 1st period - David Legwand wins face-off versus Devin Setoguchi in neutral zone.
19:43 of 1st period - Snap shot by Ted Purcell.
19:43 of 1st period - Stopped by Jonathan Bernier without a rebound.
19:44 of 1st period - David Legwand wins face-off versus Marc Savard in Canadiens zone.
19:45 of 1st period - Snap shot by Ted Purcell.
19:45 of 1st period - Stopped by Jonathan Bernier with a rebound.
19:47 of 1st period - Snap shot by Ted Purcell.
19:47 of 1st period - Shot Misses the Net.
19:49 of 1st period - Slapshot by Jay Bouwmeester.
19:49 of 1st period - Shot Misses the Net.
19:57 of 1st period - Snap shot by Ted Purcell.
19:57 of 1st period - Stopped by Jonathan Bernier with a rebound.
19:59 of 1st period - Slapshot by Ted Purcell.
19:59 of 1st period - Stopped by Jonathan Bernier with a rebound.
Goals for this period are 0 for Sharks vs 0 for Canadiens.
Shots for this period are 9 for Sharks vs 9 for Canadiens.

2nd period


0:01 of 2nd period - Marc Savard wins face-off versus Ted Purcell in neutral zone.
0:26 of 2nd period - Slapshot by Alex Pietrangelo.
0:26 of 2nd period - Stopped by Jonathan Bernier with a rebound.
0:28 of 2nd period - Wrist shot by Daniel Alfredsson.
0:28 of 2nd period - Stopped by Jonathan Bernier without a rebound.
0:29 of 2nd period - Maxim Talbot wins face-off versus Antoine Vermette in Canadiens zone.
0:29 of 2nd period - Maxim Talbot is hit by Steve McCarthy.
0:55 of 2nd period - Slapshot by Maxim Talbot.
0:55 of 2nd period - Goal by Maxim Talbot - Sharks : 0 - Canadiens : 1.
0:56 of 2nd period - Marc Savard wins face-off versus David Legwand in neutral zone.
1:34 of 2nd period - Slapshot by Rene Bourque.
1:34 of 2nd period - Stopped by Dan Ellis with a rebound.
1:50 of 2nd period - Wrist shot by Antoine Vermette.
1:50 of 2nd period - Shot Misses the Net.
2:16 of 2nd period - Snap shot by Riley Cote.
2:16 of 2nd period - Deflect By Dustin Boyd.
2:16 of 2nd period - Stopped by Dan Ellis with a rebound.
2:48 of 2nd period - Dennis Wideman is hit by Daniel Alfredsson and loses puck.
3:56 of 2nd period - Wrist shot by Dustin Boyd.
3:56 of 2nd period - Deflect By Cam Janssen.
3:56 of 2nd period - Stopped by Dan Ellis without a rebound.
3:57 of 2nd period - Maxim Talbot wins face-off versus Jason Allison in Sharks zone.
4:04 of 2nd period - Snap shot by Rene Bourque.
4:04 of 2nd period - Stopped by Dan Ellis without a rebound.
4:05 of 2nd period - Jason Allison wins face-off versus Maxim Talbot in Sharks zone.
5:51 of 2nd period - Snap shot by Patrick Sharp.
5:51 of 2nd period - Shot Misses the Net.
5:53 of 2nd period - Slapshot by Marc Savard.
5:53 of 2nd period - Stopped by Dan Ellis without a rebound.
5:54 of 2nd period - Martin Erat wins face-off versus Marc Savard in Sharks zone.
6:00 of 2nd period - Off-side.
6:01 of 2nd period - David Legwand wins face-off versus Marc Savard in neutral zone.
6:28 of 2nd period - Wrist shot by Sergei Samsonov.
6:28 of 2nd period - Shot Misses the Net.
6:30 of 2nd period - Snap shot by Devin Setoguchi.
6:30 of 2nd period - Shot Hit the Post.
6:32 of 2nd period - Wrist shot by Matt Carle.
6:32 of 2nd period - Shot Misses the Net.
6:34 of 2nd period - Snap shot by Sergei Samsonov.
6:34 of 2nd period - Shot Misses the Net.
6:36 of 2nd period - Wrist shot by Devin Setoguchi.
6:36 of 2nd period - Stopped by Dan Ellis without a rebound.
6:37 of 2nd period - Marc Savard wins face-off versus Derek Boogaard in Sharks zone.
6:38 of 2nd period - Slapshot by Marek Svatos.
6:38 of 2nd period - Stopped by Dan Ellis without a rebound.
6:39 of 2nd period - Marc Savard wins face-off versus David Legwand in Sharks zone.
6:45 of 2nd period - Minor Penalty to David Legwand for Holding.
6:46 of 2nd period - Markus Naslund wins face-off versus Marc Savard in Sharks zone.
7:12 of 2nd period - Dan Boyle is hit by Antoine Vermette and loses puck.
7:21 of 2nd period - Snap shot by Rene Bourque.
7:21 of 2nd period - Shot Blocked by Michal Rozsival.
7:41 of 2nd period - Maxim Talbot is hit by Michal Rozsival.
8:45 of 2nd period - Penalty to David Legwand is over, David Legwand is back on ice.
9:04 of 2nd period - Slapshot by David Legwand.
9:04 of 2nd period - Shot Misses the Net.
9:32 of 2nd period - Wrist shot by Brooks Laich.
9:32 of 2nd period - Shot Blocked by Scott Niedermayer.
9:34 of 2nd period - Snap shot by Sergei Samsonov.
9:34 of 2nd period - Goal by Sergei Samsonov - Sharks : 0 - Canadiens : 2.
9:35 of 2nd period - Marc Savard wins face-off versus Antoine Vermette in neutral zone.
10:01 of 2nd period - Jay Bouwmeester is hit by Maxim Talbot.
10:29 of 2nd period - Dustin Boyd is hit by Antoine Vermette.
10:55 of 2nd period - Snap shot by Marek Svatos.
10:55 of 2nd period - Stopped by Dan Ellis without a rebound.
10:56 of 2nd period - Antoine Vermette wins face-off versus Marc Savard in Sharks zone.
11:13 of 2nd period - Slapshot by Marek Svatos.
11:13 of 2nd period - Stopped by Dan Ellis with a rebound.
11:15 of 2nd period - Slapshot by Dennis Wideman.
11:15 of 2nd period - Shot Blocked by Tuomo Ruutu.
11:31 of 2nd period - Slapshot by Alex Pietrangelo.
11:31 of 2nd period - Shot Misses the Net.
11:35 of 2nd period - Slapshot by Alex Pietrangelo.
11:35 of 2nd period - Shot Misses the Net.
11:45 of 2nd period - Kim Johnsson is hit by Ladislav Smid and loses puck.
11:50 of 2nd period - Snap shot by Sergei Samsonov.
11:50 of 2nd period - Shot Misses the Net.
11:52 of 2nd period - Wrist shot by Jiri Fischer.
11:52 of 2nd period - Goal by Jiri Fischer - Sharks : 0 - Canadiens : 3.
11:53 of 2nd period - David Legwand wins face-off versus Marc Savard in neutral zone.
12:25 of 2nd period - Snap shot by Maxim Talbot.
12:25 of 2nd period - Shot Misses the Net.
12:27 of 2nd period - Slapshot by Greg Stewart.
12:27 of 2nd period - Shot Misses the Net.
12:31 of 2nd period - Snap shot by Maxim Talbot.
12:31 of 2nd period - Stopped by Dan Ellis without a rebound.
12:32 of 2nd period - Maxim Talbot wins face-off versus Antoine Vermette in Sharks zone.
12:33 of 2nd period - Snap shot by Greg Stewart.
12:33 of 2nd period - Stopped by Dan Ellis with a rebound.
12:47 of 2nd period - Slapshot by Alex Pietrangelo.
12:47 of 2nd period - Deflect By Daniel Alfredsson.
12:47 of 2nd period - Shot Blocked by Greg Stewart.
12:47 of 2nd period - Puck is out of play.
12:48 of 2nd period - David Legwand wins face-off versus Marc Savard in Canadiens zone.
12:52 of 2nd period - Minor Penalty to Patrick Sharp for Holding.
12:53 of 2nd period - Derek Boogaard wins face-off versus Marc Savard in Canadiens zone.
13:27 of 2nd period - Snap shot by Derek Boogaard.
13:27 of 2nd period - Stopped by Jonathan Bernier with a rebound.
13:29 of 2nd period - Snap shot by Michal Rozsival.
13:29 of 2nd period - Shot Blocked by Josh Gorges.
13:31 of 2nd period - Slapshot by Jay Bouwmeester.
13:31 of 2nd period - Shot Hit the Post.
13:33 of 2nd period - Snap shot by Ted Purcell.
13:33 of 2nd period - Shot Blocked by Josh Gorges.
13:33 of 2nd period - Josh Gorges from Canadiens is injured at 13:33 of 2nd period (Sprained Right Finger).
13:34 of 2nd period - David Legwand wins face-off versus Marc Savard in Canadiens zone.
13:35 of 2nd period - Snap shot by Derek Boogaard.
13:35 of 2nd period - Goal by Derek Boogaard - Sharks : 1 - Canadiens : 3.
13:36 of 2nd period - David Legwand wins face-off versus Marc Savard in neutral zone.
14:01 of 2nd period - Rene Bourque is hit by Michal Rozsival.
15:10 of 2nd period - Ted Purcell is hit by Marek Svatos.
15:28 of 2nd period - Snap shot by Kim Johnsson.
15:28 of 2nd period - Shot Blocked by Jiri Fischer.
15:30 of 2nd period - Snap shot by Antoine Vermette.
15:30 of 2nd period - Shot Blocked by Jiri Fischer.
15:32 of 2nd period - Slapshot by Kim Johnsson.
15:32 of 2nd period - Stopped by Jonathan Bernier with a rebound.
15:48 of 2nd period - Snap shot by Jason Allison.
15:48 of 2nd period - Shot Blocked by Jiri Fischer.
15:50 of 2nd period - Wrist shot by Alexander Radulov.
15:50 of 2nd period - Shot Misses the Net.
16:26 of 2nd period - Snap shot by Riley Cote.
16:26 of 2nd period - Shot Misses the Net.
16:50 of 2nd period - Slapshot by Dan Boyle.
16:50 of 2nd period - Shot Blocked by Antoine Vermette.
16:52 of 2nd period - Snap shot by Sergei Samsonov.
16:52 of 2nd period - Shot Misses the Net.
17:23 of 2nd period - Snap shot by Paul Gaustad.
17:23 of 2nd period - Goal by Paul Gaustad - Sharks : 2 - Canadiens : 3.
17:24 of 2nd period - Marc Savard wins face-off versus David Legwand in neutral zone.
17:51 of 2nd period - Rene Bourque is hit by Antoine Vermette and loses puck.
19:49 of 2nd period - Scott Niedermayer is hit by Marek Svatos and loses puck.
Goals for this period are 2 for Sharks vs 3 for Canadiens.
Shots for this period are 6 for Sharks vs 14 for Canadiens.

3rd period


0:01 of 3rd period - Marc Savard wins face-off versus Derek Boogaard in neutral zone.
0:47 of 3rd period - Slapshot by Ladislav Smid.
0:47 of 3rd period - Deflect By Alex Pietrangelo.
0:47 of 3rd period - Stopped by Dan Ellis with a rebound.
0:57 of 3rd period - Alexander Radulov is hit by Sergei Samsonov and loses puck.
1:12 of 3rd period - Snap shot by Patrick Sharp.
1:12 of 3rd period - Shot Misses the Net.
1:14 of 3rd period - Backhand shot by Ladislav Smid.
1:14 of 3rd period - Shot Blocked by Steve McCarthy.
1:16 of 3rd period - Slapshot by Marek Svatos.
1:16 of 3rd period - Stopped by Dan Ellis without a rebound.
1:17 of 3rd period - Maxim Talbot wins face-off versus Derek Boogaard in Sharks zone.
1:22 of 3rd period - Snap shot by Maxim Talbot.
1:22 of 3rd period - Shot Misses the Net.
1:28 of 3rd period - Slapshot by Ted Purcell.
1:28 of 3rd period - Stopped by Jonathan Bernier with a rebound.
1:30 of 3rd period - Slapshot by Kim Johnsson.
1:30 of 3rd period - Deflect By David Legwand.
1:30 of 3rd period - Shot Misses the Net.
1:30 of 3rd period - Puck is out of play.
1:31 of 3rd period - David Legwand wins face-off versus Marc Savard in Canadiens zone.
1:32 of 3rd period - Snap shot by Ted Purcell.
1:32 of 3rd period - Deflect By Marek Svatos.
1:32 of 3rd period - Shot Misses the Net.
1:32 of 3rd period - Puck is out of play.
1:33 of 3rd period - David Legwand wins face-off versus Marc Savard in Canadiens zone.
1:40 of 3rd period - Ted Purcell is hit by Marc Savard and loses puck.
1:59 of 3rd period - Snap shot by Michal Rozsival.
1:59 of 3rd period - Deflect By Maxim Talbot.
1:59 of 3rd period - Stopped by Jonathan Bernier with a rebound.
2:05 of 3rd period - Snap shot by Maxim Talbot.
2:05 of 3rd period - Stopped by Dan Ellis without a rebound.
2:06 of 3rd period - Tuomo Ruutu wins face-off versus Maxim Talbot in Sharks zone.
2:08 of 3rd period - Icing by Antoine Vermette.
2:09 of 3rd period - Antoine Vermette wins face-off versus Maxim Talbot in Sharks zone.
2:18 of 3rd period - Wrist shot by Antoine Vermette.
2:18 of 3rd period - Shot Blocked by Jiri Fischer.
2:20 of 3rd period - Slapshot by Antoine Vermette.
2:20 of 3rd period - Stopped by Jonathan Bernier without a rebound.
2:21 of 3rd period - Derek Boogaard wins face-off versus Marc Savard in Canadiens zone.
2:22 of 3rd period - Snap shot by David Legwand.
2:22 of 3rd period - Stopped by Jonathan Bernier with a rebound.
2:59 of 3rd period - Snap shot by Patrick Sharp.
2:59 of 3rd period - Shot Misses the Net.
3:01 of 3rd period - Snap shot by Dennis Wideman.
3:01 of 3rd period - Stopped by Dan Ellis with a rebound.
3:38 of 3rd period - Snap shot by Riley Cote.
3:38 of 3rd period - Shot Misses the Net.
4:23 of 3rd period - Icing by Greg Stewart.
4:24 of 3rd period - Maxim Talbot wins face-off versus David Legwand in Canadiens zone.
4:35 of 3rd period - Derek Boogaard is hit by Maxim Talbot and loses puck.
4:53 of 3rd period - Snap shot by Jason Allison.
4:53 of 3rd period - Shot Misses the Net.
5:31 of 3rd period - Antoine Vermette is hit by Sergei Samsonov and loses puck.
5:55 of 3rd period - Snap shot by Jason Allison.
5:55 of 3rd period - Shot Misses the Net.
6:07 of 3rd period - Wrist shot by Sergei Samsonov.
6:07 of 3rd period - Goal by Sergei Samsonov - Sharks : 2 - Canadiens : 4.
6:08 of 3rd period - David Legwand wins face-off versus Marc Savard in neutral zone.
6:11 of 3rd period - Wrist shot by Jay Bouwmeester.
6:11 of 3rd period - Stopped by Jonathan Bernier without a rebound.
6:12 of 3rd period - Marc Savard wins face-off versus David Legwand in Canadiens zone.
6:42 of 3rd period - Slapshot by Dan Boyle.
6:42 of 3rd period - Stopped by Dan Ellis without a rebound.
6:43 of 3rd period - Antoine Vermette wins face-off versus Maxim Talbot in Sharks zone.
6:59 of 3rd period - Minor Penalty to Antoine Vermette for Tripping.
7:00 of 3rd period - David Legwand wins face-off versus Marc Savard in Sharks zone.
7:15 of 3rd period - Minor Penalty to Markus Naslund for Hooking.
7:16 of 3rd period - Marc Savard wins face-off versus David Legwand in Sharks zone.
7:16 of 3rd period - Wrist shot by Patrick Sharp.
7:16 of 3rd period - Shot Blocked by Michal Rozsival.
7:54 of 3rd period - Snap shot by Rene Bourque.
7:54 of 3rd period - Stopped by Dan Ellis with a rebound.
8:59 of 3rd period - Penalty to Antoine Vermette is over, Antoine Vermette is back on ice.
9:03 of 3rd period - Icing by Greg Stewart.
9:04 of 3rd period - Maxim Talbot wins face-off versus Paul Gaustad in Canadiens zone.
9:09 of 3rd period - Steve McCarthy is hit by Greg Stewart and loses puck.
9:15 of 3rd period - Penalty to Markus Naslund is over, Markus Naslund is back on ice.
9:20 of 3rd period - Slapshot by Alex Pietrangelo.
9:20 of 3rd period - Stopped by Jonathan Bernier without a rebound.
9:21 of 3rd period - David Legwand wins face-off versus Brooks Laich in Canadiens zone.
9:32 of 3rd period - Snap shot by Derek Boogaard.
9:32 of 3rd period - Stopped by Jonathan Bernier without a rebound.
9:33 of 3rd period - Marc Savard wins face-off versus David Legwand in Canadiens zone.
9:43 of 3rd period - Off-side.
9:44 of 3rd period - David Legwand wins face-off versus Marc Savard in neutral zone.
10:14 of 3rd period - Slapshot by Alex Pietrangelo.
10:14 of 3rd period - Deflect By Tuomo Ruutu.
10:14 of 3rd period - Stopped by Jonathan Bernier without a rebound.
10:15 of 3rd period - Maxim Talbot wins face-off versus David Legwand in Canadiens zone.
10:22 of 3rd period - Backhand shot by Steve McCarthy.
10:22 of 3rd period - Stopped by Jonathan Bernier with a rebound.
10:28 of 3rd period - Snap shot by Maxim Talbot.
10:28 of 3rd period - Shot Blocked by David Legwand.
10:40 of 3rd period - Antoine Vermette is hit by Ladislav Smid and loses puck.
10:51 of 3rd period - Wrist shot by Antoine Vermette.
10:51 of 3rd period - Stopped by Jonathan Bernier without a rebound.
10:52 of 3rd period - Maxim Talbot wins face-off versus David Legwand in Canadiens zone.
11:17 of 3rd period - Daniel Alfredsson is hit by Dennis Wideman and loses puck.
12:10 of 3rd period - Slapshot by Dan Boyle.
12:10 of 3rd period - Stopped by Dan Ellis without a rebound.
12:11 of 3rd period - Marc Savard wins face-off versus David Legwand in Sharks zone.
12:26 of 3rd period - Wrist shot by Ted Purcell.
12:26 of 3rd period - Stopped by Jonathan Bernier without a rebound.
12:27 of 3rd period - Daniel Alfredsson wins face-off versus Maxim Talbot in Canadiens zone.
12:48 of 3rd period - Minor Penalty to Michal Rozsival for Roughing.
12:49 of 3rd period - Marc Savard wins face-off versus David Legwand in Sharks zone.
13:04 of 3rd period - Wrist shot by Marek Svatos.
13:04 of 3rd period - Stopped by Dan Ellis without a rebound.
13:05 of 3rd period - David Legwand wins face-off versus Patrick Sharp in Sharks zone.
13:20 of 3rd period - Slapshot by Dennis Wideman.
13:20 of 3rd period - Stopped by Dan Ellis with a rebound.
13:32 of 3rd period - Ted Purcell is hit by Maxim Talbot and loses puck.
14:48 of 3rd period - Penalty to Michal Rozsival is over, Michal Rozsival is back on ice.
14:54 of 3rd period - Alex Pietrangelo is hit by Maxim Talbot and loses puck.
15:41 of 3rd period - Marek Svatos is hit by Kim Johnsson and loses puck.
16:46 of 3rd period - Slapshot by Matt Carle.
16:46 of 3rd period - Deflect By Devin Setoguchi.
16:46 of 3rd period - Goal by Devin Setoguchi - Sharks : 2 - Canadiens : 5.
16:47 of 3rd period - Derek Boogaard wins face-off versus Marc Savard in neutral zone.
16:54 of 3rd period - Wrist shot by David Legwand.
16:54 of 3rd period - Stopped by Jonathan Bernier with a rebound.
17:08 of 3rd period - Snap shot by Tuomo Ruutu.
17:08 of 3rd period - Shot Misses the Net.
18:15 of 3rd period - Wrist shot by Jason Allison.
18:15 of 3rd period - Goal by Jason Allison - Sharks : 3 - Canadiens : 5.
18:16 of 3rd period - Brooks Laich wins face-off versus David Legwand in neutral zone.
18:26 of 3rd period - Snap shot by Sergei Samsonov.
18:26 of 3rd period - Stopped by Dan Ellis with a rebound.
18:30 of 3rd period - Slapshot by Sergei Samsonov.
18:30 of 3rd period - Shot Blocked by David Legwand.
18:32 of 3rd period - Snap shot by Dennis Wideman.
18:32 of 3rd period - Shot Misses the Net.
18:42 of 3rd period - Michal Rozsival is hit by Maxim Talbot and loses puck.
19:11 of 3rd period - Snap shot by Paul Gaustad.
19:11 of 3rd period - Stopped by Jonathan Bernier with a rebound.
Goals for this period are 1 for Sharks vs 2 for Canadiens.
Shots for this period are 14 for Sharks vs 12 for Canadiens.


Output by the SimonT Hockey Simulator (STHS) for François Prévost -- Original Page W3C XHTML 1.0 Valid
Hockey Simulator - Hockey Simulation - Hockey Manager